% Time on Ice - ANCHORAGE ACES
Lines # - Real PCT - Wanted PCT - Time Play
Normal Forward
1 - 30% - 30% - 13:39
2 - 30% - 30% - 13:26
3 - 26% - 30% - 11:56
4 - 14% - 10% - 6:28
Normal Defense
1 - 31% - 36% - 14:01
2 - 33% - 33% - 15:06
3 - 26% - 22% - 12:03
4 - 9% - 9% - 4:19
PP Forward
1 - 49% - 50% - 3:04
2 - 51% - 50% - 3:13
PP Defense
1 - 52% - 55% - 3:16
2 - 48% - 45% - 3:01
PK Forward
1 - 67% - 55% - 4:22
2 - 33% - 45% - 2:11
PK Defense
1 - 46% - 55% - 3:01
2 - 54% - 45% - 3:32
PK3 Forward
1 - 81% - 55% - 1:22
2 - 19% - 45% - 0:19
PK3 Defense
1 - 53% - 55% - 0:54
2 - 47% - 45% - 0:47
44 Forward
1 - 0% - 55%
2 - 0% - 45%
44 Defense
1 - 0% - 55%
2 - 0% - 45%
Last Minute Offensive  - 0:00
Last Minute Defensive  - 0:00
Total
Forward - 60:00
Defense - 60:00
% Time on Ice - LONG BEACH BARACUDAS
Lines # - Real PCT - Wanted PCT - Time Play
Normal Forward
1 - 39% - 40% - 17:50
2 - 29% - 30% - 13:01
3 - 22% - 20% - 9:55
4 - 10% - 10% - 4:43
Normal Defense
1 - 35% - 40% - 16:08
2 - 29% - 30% - 13:24
3 - 28% - 15% - 12:41
4 - 7% - 15% - 3:16
PP Forward
1 - 52% - 51% - 4:18
2 - 48% - 49% - 3:56
PP Defense
1 - 58% - 55% - 4:45
2 - 42% - 45% - 3:29
PK Forward
1 - 63% - 55% - 3:57
2 - 37% - 45% - 2:20
PK Defense
1 - 69% - 55% - 4:22
2 - 31% - 45% - 1:55
PK3 Forward
1 - 0% - 55%
2 - 0% - 45%
PK3 Defense
1 - 0% - 55%
2 - 0% - 45%
44 Forward
1 - 0% - 55%
2 - 0% - 45%
44 Defense
1 - 0% - 55%
2 - 0% - 45%
Last Minute Offensive  - 0:00
Last Minute Defensive  - 0:00
Total
Forward - 60:00
Defense - 60:00
Play-by-Play 1st period 0:01 of 1st period - Brock Nelson wins face-off versus Connor McDavid in neutral zone. 0:16 of 1st period - Shot by Steven Stamkos. 0:16 of 1st period - Shot Blocked by Seth Jones. 0:18 of 1st period - Shot by Taylor Hall. 0:18 of 1st period - Shot Misses the Net. 0:22 of 1st period - Shot by Taylor Hall. 0:22 of 1st period - Shot Misses the Net. 0:24 of 1st period - Shot by Taylor Hall. 0:24 of 1st period - Stopped by Braden Holtby without a rebound. 0:25 of 1st period - Derek Stepan wins face-off versus Phillip Danault in ANCHORAGE ACES zone. 0:32 of 1st period - Shot by Phillip Danault. 0:32 of 1st period - Shot Misses the Net. 0:37 of 1st period - Shot by Chris Kreider. 0:37 of 1st period - Stopped by Brian Elliott without a rebound. 0:38 of 1st period - Alexander Wennberg wins face-off versus Nathan MacKinnon in LONG BEACH BARACUDAS zone. 2:52 of 1st period - Shot by Connor McDavid. 2:52 of 1st period - Stopped by Brian Elliott with a rebound. 3:01 of 1st period - Icing by Taylor Hall. 3:02 of 1st period - Brock Nelson wins face-off versus Nathan MacKinnon in LONG BEACH BARACUDAS zone. 4:17 of 1st period - Kyle Palmieri is hit by Cal Clutterbuck and loses puck. 4:46 of 1st period - Shot by J.T. Compher. 4:46 of 1st period - Stopped by Braden Holtby without a rebound. 4:47 of 1st period - Pierre-Edouard Bellemare wins face-off versus Nathan MacKinnon in ANCHORAGE ACES zone. 5:20 of 1st period - Shot by Brandon Saad. 5:20 of 1st period - Shot Misses the Net. 6:11 of 1st period - Loui Eriksson is hit by Seth Jones and loses puck. 6:24 of 1st period - Shot by Chris Kreider. 6:24 of 1st period - Stopped by Brian Elliott without a rebound. 6:25 of 1st period - Derek Stepan wins face-off versus Connor McDavid in LONG BEACH BARACUDAS zone. 6:27 of 1st period - Alex Pietrangelo is hit by Cal Clutterbuck and loses puck. 6:36 of 1st period - Shot by Kyle Palmieri. 6:36 of 1st period - Stopped by Braden Holtby with a rebound. 6:41 of 1st period - Minor Penalty to Kyle Palmieri for Hooking. 6:42 of 1st period - Derek Stepan wins face-off versus Connor McDavid in LONG BEACH BARACUDAS zone. 7:01 of 1st period - Shot by Chris Kreider. 7:01 of 1st period - Stopped by Brian Elliott with a rebound. 7:35 of 1st period - Shot by Nathan MacKinnon. 7:35 of 1st period - Deflect By Jakob Silfverberg. 7:35 of 1st period - Stopped by Brian Elliott with a rebound. 7:37 of 1st period - Shot by Seth Jones. 7:37 of 1st period - Stopped by Brian Elliott with a rebound. 7:39 of 1st period - Shot by Nikolaj Ehlers. 7:39 of 1st period - Stopped by Brian Elliott without a rebound. 7:40 of 1st period - Pierre-Edouard Bellemare wins face-off versus Nathan MacKinnon in LONG BEACH BARACUDAS zone. 7:51 of 1st period - Michael Del Zotto is hit by Nikolaj Ehlers and loses puck. 9:15 of 1st period - Shot by Steven Stamkos. 9:15 of 1st period - Shot Misses the Net. 9:17 of 1st period - Shot by Steven Stamkos. 9:17 of 1st period - Shot Blocked by Jacob de la Rose. 9:36 of 1st period - Shot by Mikael Granlund. 9:36 of 1st period - Shot Misses the Net. 10:15 of 1st period - Shot by Brandon Saad. 10:15 of 1st period - Shot Misses the Net. 10:17 of 1st period - Shot by Zachary Werenski. 10:17 of 1st period - Stopped by Brian Elliott with a rebound. 10:19 of 1st period - Shot by Zachary Werenski. 10:19 of 1st period - Shot Misses the Net. 10:21 of 1st period - Shot by Michael Frolik. 10:21 of 1st period - Shot Misses the Net. 10:28 of 1st period - Nathan MacKinnon is hit by Brandon Montour and loses puck. 11:21 of 1st period - Shot by Taylor Hall. 11:21 of 1st period - Stopped by Braden Holtby without a rebound. 11:22 of 1st period - Phillip Danault wins face-off versus Pierre-Edouard Bellemare in ANCHORAGE ACES zone. 11:28 of 1st period - Pierre-Edouard Bellemare is hit by Seth Jones and loses puck. 11:34 of 1st period - Off-side. 11:35 of 1st period - Steven Stamkos wins face-off versus Connor McDavid in neutral zone. 11:54 of 1st period - Taylor Hall is hit by Ben Chiarot and loses puck. 12:10 of 1st period - Connor McDavid is hit by Callan Foote and loses puck. 12:24 of 1st period - Icing by Brock Nelson. 12:25 of 1st period - Phillip Danault wins face-off versus Brock Nelson in LONG BEACH BARACUDAS zone. 12:25 of 1st period - Seth Jones is hit by Callan Foote. 12:26 of 1st period - Minor Penalty to Michael Del Zotto for High sticking. 12:27 of 1st period - Connor McDavid wins face-off versus Derek Stepan in LONG BEACH BARACUDAS zone. 12:46 of 1st period - Shot by Connor McDavid. 12:46 of 1st period - Deflect By Chris Kreider. 12:46 of 1st period - Goal by Chris Kreider - ANCHORAGE ACES : 1 - LONG BEACH BARACUDAS : 0. 12:47 of 1st period - Nathan MacKinnon wins face-off versus Alexander Wennberg in neutral zone. 13:00 of 1st period - Shot by Nathan MacKinnon. 13:00 of 1st period - Shot Misses the Net. 14:19 of 1st period - Off-side. 14:20 of 1st period - Derek Stepan wins face-off versus Connor McDavid in neutral zone. 14:22 of 1st period - Minor Penalty to Ben Chiarot for High sticking. 14:23 of 1st period - Brock Nelson wins face-off versus Phillip Danault in ANCHORAGE ACES zone. 14:45 of 1st period - Shot by Kyle Palmieri. 14:45 of 1st period - Shot Misses the Net. 14:47 of 1st period - Shot by Michael Del Zotto. 14:47 of 1st period - Stopped by Braden Holtby with a rebound. 15:02 of 1st period - Kyle Palmieri is hit by Shea Weber and loses puck. 15:26 of 1st period - Off-side. 15:27 of 1st period - Phillip Danault wins face-off versus Steven Stamkos in neutral zone. 16:47 of 1st period - Shot by Pierre-Edouard Bellemare. 16:47 of 1st period - Stopped by Braden Holtby without a rebound. 16:48 of 1st period - Connor McDavid wins face-off versus Derek Stepan in ANCHORAGE ACES zone. 17:01 of 1st period - Shot by Kyle Palmieri. 17:01 of 1st period - Shot Blocked by Cale Fleury. 17:36 of 1st period - Icing by Derek Stepan. 17:37 of 1st period - Nathan MacKinnon wins face-off versus Kyle Palmieri in LONG BEACH BARACUDAS zone. 17:38 of 1st period - Shot by Brandon Saad. 17:38 of 1st period - Stopped by Brian Elliott with a rebound. 18:22 of 1st period - Shot by Steven Stamkos. 18:22 of 1st period - Stopped by Braden Holtby without a rebound. 18:23 of 1st period - Pierre-Edouard Bellemare wins face-off versus Jakob Silfverberg in ANCHORAGE ACES zone. 18:34 of 1st period - Shot by Jack Roslovic. 18:34 of 1st period - Stopped by Braden Holtby with a rebound. 18:40 of 1st period - Shot by Jack Roslovic. 18:40 of 1st period - Deflect By Loui Eriksson. 18:40 of 1st period - Shot Misses the Net. 18:56 of 1st period - Shot by Chris Kreider. 18:56 of 1st period - Shot Blocked by Pierre-Edouard Bellemare. 19:00 of 1st period - Shot by Chris Kreider. 19:00 of 1st period - Shot Blocked by Ben Hutton. 19:02 of 1st period - Shot by Zachary Werenski. 19:02 of 1st period - Stopped by Brian Elliott without a rebound. 19:03 of 1st period - Connor McDavid wins face-off versus Brock Nelson in LONG BEACH BARACUDAS zone. 19:17 of 1st period - Off-side. 19:18 of 1st period - Derek Stepan wins face-off versus Nathan MacKinnon in neutral zone. 19:45 of 1st period - Shot by Kyle Palmieri. 19:45 of 1st period - Shot Misses the Net. 19:47 of 1st period - Shot by Derek Stepan. 19:47 of 1st period - Stopped by Braden Holtby without a rebound. 19:48 of 1st period - Phillip Danault wins face-off versus Taylor Hall in ANCHORAGE ACES zone. Goals for this period are 1 for ANCHORAGE ACES vs 0 for LONG BEACH BARACUDAS. Shots for this period are 11 for ANCHORAGE ACES vs 9 for LONG BEACH BARACUDAS. 2nd period 0:01 of 2nd period - Brock Nelson wins face-off versus Nathan MacKinnon in neutral zone. 0:01 of 2nd period - Brock Nelson is hit by Michael Frolik. 0:09 of 2nd period - Shot by Brock Nelson. 0:09 of 2nd period - Shot Hit the Post. 0:20 of 2nd period - Taylor Hall is hit by Seth Jones and loses puck. 0:23 of 2nd period - Shot by Taylor Hall. 0:23 of 2nd period - Stopped by Braden Holtby without a rebound. 0:24 of 2nd period - Phillip Danault wins face-off versus Derek Stepan in ANCHORAGE ACES zone. 1:05 of 2nd period - Shot by J.T. Compher. 1:05 of 2nd period - Shot Blocked by Chris Kreider. 1:56 of 2nd period - Shot by Taylor Hall. 1:56 of 2nd period - Goal by Taylor Hall - ANCHORAGE ACES : 1 - LONG BEACH BARACUDAS : 1. 1:57 of 2nd period - Reyley Smith wins face-off versus Connor McDavid in neutral zone. 2:22 of 2nd period - Shot by Connor McDavid. 2:22 of 2nd period - Shot Misses the Net. 3:13 of 2nd period - Shot by Nathan MacKinnon. 3:13 of 2nd period - Shot Blocked by Alex Pietrangelo. 3:15 of 2nd period - Shot by Seth Jones. 3:15 of 2nd period - Stopped by Brian Elliott without a rebound. 3:16 of 2nd period - Brock Nelson wins face-off versus Phillip Danault in LONG BEACH BARACUDAS zone. 3:25 of 2nd period - Shot by Steven Stamkos. 3:25 of 2nd period - Shot Misses the Net. 3:33 of 2nd period - Shot by Steven Stamkos. 3:33 of 2nd period - Goal by Steven Stamkos - ANCHORAGE ACES : 1 - LONG BEACH BARACUDAS : 2. 3:34 of 2nd period - Nathan MacKinnon wins face-off versus Derek Stepan in neutral zone. 3:46 of 2nd period - Shot by Nathan MacKinnon. 3:46 of 2nd period - Shot Blocked by Kyle Palmieri. 3:59 of 2nd period - Icing by Kyle Palmieri. 4:00 of 2nd period - Connor McDavid wins face-off versus Derek Stepan in LONG BEACH BARACUDAS zone. 4:03 of 2nd period - Shot by Nikolaj Ehlers. 4:03 of 2nd period - Shot Misses the Net. 4:19 of 2nd period - Shot by Kyle Palmieri. 4:19 of 2nd period - Shot Misses the Net. 4:21 of 2nd period - Shot by Derek Stepan. 4:21 of 2nd period - Stopped by Braden Holtby without a rebound. 4:22 of 2nd period - Phillip Danault wins face-off versus Brock Nelson in ANCHORAGE ACES zone. 4:51 of 2nd period - Icing by Chris Kreider. 4:52 of 2nd period - Phillip Danault wins face-off versus Pierre-Edouard Bellemare in ANCHORAGE ACES zone. 6:25 of 2nd period - Shot by Taylor Hall. 6:25 of 2nd period - Goal by Taylor Hall - ANCHORAGE ACES : 1 - LONG BEACH BARACUDAS : 3. 6:26 of 2nd period - Connor McDavid wins face-off versus Derek Stepan in neutra